 Dungeon Crawl Stone Soup version 0.28.0-1-gb440e238dd (webtiles) character file.

Game seed: 16538946981521538197

83 Sanktem7 the Skirmisher (level 4, -6/41 HPs)
             Began as a Minotaur Fighter on Feb 23, 2022.
             Mangled by Terence (7 damage)
             ... on level 3 of the Dungeon.
             The game lasted 00:03:08 (2179 turns).

Sanktem7 the Skirmisher (Minotaur Fighter)          Turns: 2179, Time: 00:03:09

Health: -6/41      AC:  8    Str: 23    XL:     4   Next: 22%
Magic:  3/3        EV:  9    Int:  5    God:
Gold:   74         SH:  0    Dex:  9    Spells: 3/3 levels left

rFire   . . .      SeeInvis .   a - +0 war axe {axe}
rCold   . . .      Faith    .   c - +0 buckler
rNeg    . . .      Spirit   .   b - +0 scale mail
rPois   .          Reflect  .   q - +1 hat
rElec   .          Harm     .   (no cloak)
rCorr   .          Rampage  .   (no gloves)
Will    .....                   (no boots)
Stlth   ..........              (no amulet)
HPRegen 0.13/turn               (no ring)
MPRegen 0.08/turn               (no ring)

@: confused
A: horns 2, retaliatory headbutt
a: no special abilities


You were on level 3 of the Dungeon.
You visited 1 branch of the dungeon, and saw 3 of its levels.

You collected 74 gold pieces.


Innate Abilities, Weirdness & Mutations

You have a pair of horns on your head.
You reflexively headbutt those who attack you in melee.


   Skills:
 * Level 4.8 Fighting
 * Level 3.9 Axes
 + Level 4.2 Armour
 - Level 3.6 Shields


You had 3 spell levels left.
You didn't know any spells.
Your spell library contained the following spells:

 Spells                   Type           Power      Damage    Failure   Level
 Corpse Rot               Necr/Air       0%         N/A       95%         2
 Poisonous Vapours        Pois/Air       0%         N/A       95%         2
 Portal Projectile        Hex/Tloc       0%         N/A       99%         3
 Blade Hands              Tmut           0%         N/A       100%        5
 Excruciating Wounds      Necr           0%         N/A       100%        5

Inventory:

Hand Weapons
 a - a +0 war axe (weapon) {axe}
Armour
 b - a +0 scale mail (worn)
 c - a +0 buckler (worn)
 q - a +1 hat (worn)
   (You found it on level 2 of the Dungeon)
Scrolls
 f - a scroll of blinking {unknown}
 h - 3 scrolls of teleportation {unknown}
 k - 2 scrolls of identify {unknown}
 n - a scroll of immolation {unknown}
 o - a scroll of amnesia {unknown}
Potions
 d - a potion of might
 g - a potion of curing {unknown}
 j - a potion of berserk rage {unknown}
 m - 2 potions of attraction {unknown}

Dungeon Overview and Level Annotations

Branches:
Dungeon (3/15)

Altars:
Ashenzari

Annotations:
D:3 Sigmund, Terence

##....#.##?...
#.....#.#.....
#.#.....<....... .
#...............
..##..#...........
.^...###..........
#....#.........#
###.#..@@......(#
#......@..#.###..
......#.###..# .#
......... .....
.#.#####. .##.# ..
.# .. .. . .. ? ##


You could see Sigmund and Terence.


Message History

A quokka is nearby!
The quokka bites you but does no damage.
You closely miss the quokka.
The quokka bites you but does no damage.
The quokka barely misses you.
You slash the quokka!
You kill the quokka!
No target in view!
No target in view!
No target in view!
No target in view!
A ball python comes into view.
The ball python hisses angrily.
The ball python bites you but does no damage.
The ball python barely misses you.
You slash the ball python!
You kill the ball python!
No target in view!
No target in view!
No target in view!
No target in view!
You now have 74 gold pieces (gained 10).
A rat comes into view.
The rat closely misses you.
You hit the rat.
You kill the rat!
No target in view!
No target in view!
No target in view!
No target in view!
You see here a rat corpse.
There is a stone staircase leading up here.
You pick up a book of Weapons and begin reading...
You add the spells Portal Projectile, Excruciating Wounds and Blade Hands to your library.
No target in view!
No target in view!
A goblin comes into view. It is wielding a +0 club.
The goblin shouts!
You see here a +1 hat.
A goblin is nearby!
You slash the goblin!
You kill the goblin!
No target in view!
q - a +1 hat You see here a +0 club {mace}.
You see here a +0 leather armour.
Key pressed, stopping explore.
No target in view!
Done exploring.
Done exploring.
You start putting on your armour.
You continue putting on your +1 hat. x4
You finish putting on your +1 hat.
Done exploring.
You drop a +0 whip of venom {mace}.
You drop 27 arrows.
You drop 8 sling bullets.
You drop 56 stones {throwing}.
There is a stone staircase leading up here.
There is a stone staircase leading down here.
You climb downwards.
There is a stone staircase leading up here.
Sigmund barely misses you. Sigmund closely misses you.
You hit Sigmund. Terence screams, "I want your blood!"
Sigmund hits you with a +0 scythe! 😕 HP[-9]
You take 9 damage, and now have 32/41 hp.
MASSIVE DAMAGE!! (PAUSE)
You barely miss Sigmund. Sigmund casts a spell at you.
You are confused.
Sigmund points at you and mumbles some strange words.
The puff of flame hits you. 😮 HP[-6]
You take 6 damage, and now have 26/41 hp.
Sigmund hits you with a +0 scythe!
* * * LOW HITPOINT WARNING * * *
😨 HP[-8]
You take 8 damage, and now have 18/41 hp.
You closely miss Sigmund. You hit Terence but do no damage.
Terence hits you with a +0 flail.
* * * LOW HITPOINT WARNING * * *
😨 HP[-2]
You take 2 damage, and now have 16/41 hp.
Sigmund hits you with a +0 scythe.
* * * LOW HITPOINT WARNING * * *
😱 HP[-6]
You take 6 damage, and now have 10/41 hp.
You bump into the rock wall.
Terence hits you with a +0 flail.
* * * LOW HITPOINT WARNING * * *
Sigmund hits you with a +0 scythe.
* * * LOW HITPOINT WARNING * * *
There are monsters nearby! 😱 HP[-9]
You take 9 damage, and now have 1/41 hp.
MASSIVE DAMAGE!! (PAUSE) You're too confused to move!
Terence hits you with a +0 flail!
You die...

Skill      XL: |  1  2 |
---------------+-------+-----
Fighting       | 4 |  4.8
Axes           | 3 |  3.9
Armour         | 4 |  4.2
Shields        | |  3.6

Action                   |  1- 3 |  4- 6 || total
-------------------------+-------+-------++-------
Melee: War axe           |    51 |    10 ||    61
       Headbutt          |     8 |     2 ||    10
Armor: Scale mail        |    26 |     3 ||    29
Dodge: Dodged            |    21 |     6 ||    27
Block: Buckler           |    17 |       ||    17

Levels and vault maps discovered:
D:1:      onia_arrival_mini_spirals, layout_loops_ring,
          shapermc_ecumenical_altar_petra, fountainhead
D:2:      layout_loops_ring, serial_co_window_serial, co_window_cross_1,
          co_window_corner_a, co_window_of_opportunity_a, co_window_paths_a,
          co_window_of_opportunity_a, co_window_broadway_c,
          co_window_broadway_b, co_window_corner_b, co_window_corner_cb,
          co_window_corner_b, co_window_sun, co_window_paths_d, glass_columns_a,
          glass_columns_a, glass_columns_b, basic_altar, uniq_robin
D:3:      layout_rooms, uniq_terence, uniq_sigmund

Notes
Turn   | Place    | Note
-------+----------+-------------------------------------------
     0 | D:1      | Sanktem7 the Minotaur Fighter began the quest for the Orb.
     0 | D:1      | Reached XP level 1. HP: 19/19 MP: 0/0
     0 | D:1      | magus.rc [v1.9.6]
   146 | D:1      | You pick up a book of Vapours and begin reading...
   146 | D:1      | You add the spells Poisonous Vapours and Corpse Rot to your
                  | library.
   306 | D:1      | Reached XP level 2. HP: 26/27 MP: 1/1
   443 | D:1      | Reached skill level 4 in Fighting
   610 | D:1      | Reached skill level 3 in Axes
   932 | D:2      | Reached skill level 4 in Armour
   932 | D:2      | Reached XP level 3. HP: 20/34 MP: 2/2
  1061 | D:2      | Found a broken altar of Ashenzari.
  1718 | D:2      | Noticed Robin
  1728 | D:2      | Killed Robin
  1729 | D:2      | Reached XP level 4. HP: 31/41 MP: 3/3
  2047 | D:2      | You pick up a book of Weapons and begin reading...
  2047 | D:2      | You add the spells Portal Projectile, Excruciating Wounds
                  | and Blade Hands to your library.
  2167 | D:3      | Noticed Terence
  2167 | D:3      | Noticed Sigmund
  2177 | D:3      | HP: 10/41 [Sigmund (6)]
  2178 | D:3      | HP: 1/41 [Sigmund (4)]
  2179 | D:3      | Mangled by Terence

Vanquished Creatures
  Robin (D:2)
  3 adders (D:2)
  A worm (D:2)
  A dart slug (D:1)
  5 ball pythons
  2 bats (D:1)
  6 endoplasms
  A giant cockroach (D:1)
  5 hobgoblins
  3 kobolds (D:1)
  A quokka (D:2)
  7 goblins (D:2)
  2 rats
38 creatures vanquished.

Table legend:
 A = Non-vault XP
 B = Vault XP
 C = Vault XP percentage of total XP
 D = Non-vault monster count
 E = Vault monster count
 F = Vault count percentage of total count
                 A         B        C        D         E       F
            +---------+---------+-------+---------+---------+-------
      Total |      93 |      26 |  21.8 |      31 |       7 |  18.4
            +---------+---------+-------+---------+---------+-------
        D:1 |      29 |       0 |   0.0 |      15 |       0 |   0.0
        D:2 |      64 |      26 |  28.9 |      16 |       7 |  30.4
            +---------+---------+-------+---------+---------+-------

Illustrated notes

Table legend:
 A = Kills in this place as a percentage of kills in entire the game.
 B = Kills by you in this place as a percentage of kills by you in the entire game.
 C = Kills by friends in this place as a percentage of kills by friends in the entire game.
 D = Other kills in this place as a percentage of other kills in the entire game.
 E = Experience gained in this place as a percentage of experience gained in the entire game.
 F = Experience gained in this place divided by the number of levels of this place that you have seen.
                   A       B       C       D       E      F
               +-------+-------+-------+-------+-------+----------------------
         Total | 100.0 | 100.0 |   N/A |   N/A | 100.0 |  39.7
       Dungeon | 100.0 | 100.0 |   N/A |   N/A | 100.0 |  39.7
               +-------+-------+-------+-------+-------+----------------------

Table legend: (Time is in decaauts)
 A = Elapsed time spent in this place.
 B = Non-inter-level travel time spent in this place.
 C = Inter-level travel time spent in this place.
 D = Time resting spent in this place.
 E = Time spent auto-exploring this place.
 F = Levels seen in this place.
 G = Mean time per level.
                   A        B        C        D        E       F      G
               +--------+--------+--------+--------+--------+-----+--------+
         Total |   2203 |   2175 |     28 |      0 |   1922 |   3 |  734.3 |
       Dungeon |   2203 |   2175 |     28 |      0 |   1922 |   3 |  734.3 |
               +--------+--------+--------+--------+--------+-----+--------+

Top non-repeatable levels by time:
     D:2: 1348 daAuts
     D:1: 842 daAuts
     D:3: 12 daAuts
